AoeStats
← Navi AoE

Arena

510045045Analyzed
4v4 RM · 3d ago on Sep 29, 2026· 48m 36s· 8 players
Game mode
Random Map
Map size
Large (8 player)
Population
200
Speed
Normal
Resources
Standard
Victory
Conquest
Starting age
Dark Age
Ending age
Imperial Age
RankedLock teamsTeams togetherTeam positionsShared explorationLock speedFull tech treeHidden civsTurbo modeCheats
Victory
Defeat
🇰🇷 Persians · South Korea
1135
+14
🇨🇳 Mongols · China
1128
+14
🇦🇷 Vikings · Argentina
1100
+15
🇵🇪 Khmer · Peru
1096
+15
🇳🇱 Italians · Netherlands
1128
-16
1076
-14
🇧🇷 Britons · Brazil
1068
-14
🇲🇽 Persians · Mexico
1065
-14
Navi AoE
11:04 Loom
12:50 Feudal Age
16:09 Castle Age
15:07 Horse Collar
15:19 Stone Mining
16:33 Double-Bit Axe
25:22 Wheelbarrow
25:01 Bow Saw
27:32 Heavy Plow
30:35 Imperial Age
30:17 Pikeman
31:08 Forging
30:58 Scale Mail Armor
30:49 Fletching
31:24 Redemption
31:29 Heavy Scorpion
33:18 Chemistry
31:59 Halberdier
33:29 Murder Holes
34:32 Gold Mining
36:45 Fortified Wall
36:55 Ballistics
37:13 Iron Casting
39:24 Crop Rotation
39:31 Gold Shaft Mining
40:30 Elite Skirmisher
41:11 Bodkin Arrow
41:17 Padded Archer Armor
Sophie_J
10:40 Feudal Age
15:10 Castle Age
13:42 Double-Bit Axe
14:01 Horse Collar
18:39 Stone Mining
19:29 Loom
22:20 Wheelbarrow
21:31 Town Watch
22:15 Gold Mining
24:00 Hand Cart
25:37 Bloodlines
29:51 Imperial Age
28:22 Bow Saw
28:14 Heavy Plow
28:51 Gold Shaft Mining
28:54 Stone Shaft Mining
28:33 Forging
28:29 Scale Barding Armor
28:24 Scale Mail Armor
28:11 Arson
29:19 Pikeman
29:59 Squires
30:01 Husbandry
29:21 Light Cavalry
30:34 Guilds
29:47 Cavalier
30:53 Chain Barding Armor
30:55 Masonry
32:28 Architecture
31:54 Murder Holes
32:16 Chain Mail Armor
33:11 Savar
36:06 Two-Man Saw
35:38 Crop Rotation
37:41 Conscription
37:57 Hoardings
38:19 Plate Barding Armor
38:14 Plate Mail Armor
39:41 Citadels
39:25 Halberdier
41:01 Iron Casting
40:56 Plate Mail Armor
41:18 Hussar
43:10 Elite War Elephant
47:23 Blast Furnace
46:07 Capped Ram
47:16 Siege Ram
ANTIINA
10:10 Feudal Age
11:05 Double-Bit Axe
11:40 Horse Collar
14:02 Castle Age
14:58 Loom
16:40 Wheelbarrow
18:57 Bow Saw
20:58 Heavy Plow
21:32 Gold Mining
21:41 Stone Mining
22:16 Hand Cart
23:24 Gold Mining
23:51 Stone Mining
24:49 Gold Shaft Mining
25:07 Stone Shaft Mining
28:35 Imperial Age
26:02 Fletching
27:07 Bodkin Arrow
27:13 Padded Archer Armor
28:22 Ballistics
29:18 Leather Archer Armor
29:16 Bloodlines
29:06 Husbandry
29:47 Conscription
29:32 Bracer
29:44 Thumb Ring
30:04 Parthian Tactics
31:40 Chemistry
30:29 Elite Mangudai
31:39 Siege Engineers
35:25 Capped Ram
36:39 Onager
36:41 Siege Ram
37:49 Scale Barding Armor
37:54 Forging
37:11 Light Cavalry
39:03 Chain Barding Armor
38:06 Hussar
40:05 Iron Casting
42:50 Blast Furnace
45:56 Masonry
46:23 Hoardings
45:51 Murder Holes
QQ12346908
10:42 Feudal Age
14:49 Castle Age
13:06 Double-Bit Axe
15:08 Horse Collar
15:43 Loom
23:24 Stone Mining
24:06 Gold Mining
25:16 Bow Saw
28:00 Gold Shaft Mining
27:13 Town Watch
31:05 Imperial Age
29:02 Fletching
29:01 Crossbowman
30:24 Ballistics
31:15 Masonry
31:35 Squires
30:55 Pikeman
32:56 Two-Man Saw
31:58 Heavy Plow
32:23 Conscription
31:42 Arbalester
33:00 Bodkin Arrow
33:05 Padded Archer Armor
33:19 Forging
33:09 Scale Mail Armor
33:16 Treadmill Crane
33:51 Arson
33:28 Elite Varangian Guard
34:58 Crop Rotation
34:52 Bracer
35:08 Leather Archer Armor
37:02 Iron Casting
36:43 Chain Mail Armor
37:49 Chemistry
37:32 Chieftains
38:52 Ring Archer Armor
40:37 Blast Furnace
40:07 Plate Mail Armor
43:29 Coinage
45:58 Siege Engineers
46:23 Architecture
46:37 Bogsveigar
47:45 Banking
47:17 Caravan
46:39 Elite Berserk
47:55 Hoardings
eduhaas
10:26 Feudal Age
14:07 Castle Age
12:33 Double-Bit Axe
12:46 Horse Collar
15:02 Bow Saw
18:06 Heavy Plow
24:54 Wheelbarrow
24:05 Loom
24:07 Town Watch
26:11 Forging
28:51 Imperial Age
27:06 Gold Mining
27:06 Stone Mining
27:34 Scale Barding Armor
28:04 Iron Casting
28:02 Hand Cart
27:48 Town Patrol
30:25 Chain Barding Armor
31:05 Blast Furnace
31:07 Crop Rotation
31:42 Two-Man Saw
30:10 Elite Skirmisher
30:55 Thumb Ring
30:43 Fletching
30:53 Padded Archer Armor
34:53 Chemistry
34:13 Ballistics
35:02 Conscription
34:02 Elite War Elephant
35:08 Leather Archer Armor
34:48 Bodkin Arrow
37:45 Ring Archer Armor
43:10 Plate Barding Armor
45:25 Capped Ram
46:24 Siege Ram
"V1n1"™
10:56 Feudal Age
15:14 Castle Age
13:08 Double-Bit Axe
18:01 Horse Collar
21:57 Bow Saw
22:49 Stone Mining
24:56 Gold Mining
25:15 Heavy Plow
26:12 Squires
27:42 Wheelbarrow
28:05 Gold Shaft Mining
27:23 Fletching
32:15 Imperial Age
30:00 Hand Cart
29:57 Bodkin Arrow
30:49 Ballistics
31:25 Padded Archer Armor
31:30 Loom
32:56 Bracer
32:45 Capped Ram
34:19 Warwolf
35:04 Leather Archer Armor
37:33 Light Cavalry
38:14 Husbandry
39:39 Forging
39:34 Scale Barding Armor
41:14 Iron Casting
44:28 Blast Furnace
44:48 Chain Barding Armor
DEG
5:24 Loom
11:01 Feudal Age
14:37 Castle Age
12:25 Double-Bit Axe
12:50 Horse Collar
15:59 Bow Saw
16:14 Heavy Plow
21:09 Stone Mining
23:49 Wheelbarrow
23:51 Fletching
24:02 Padded Archer Armor
24:00 Gold Mining
28:35 Imperial Age
27:18 Ballistics
26:57 Bodkin Arrow
27:19 Leather Archer Armor
27:13 Thumb Ring
28:18 Hand Cart
27:27 Crossbowman
31:39 Chemistry
30:39 Arbalester
32:11 Conscription
32:54 Ring Archer Armor
33:35 Bracer
34:44 Masonry
34:15 Treadmill Crane
47:09 Bloodlines
47:01 Husbandry
46:22 Light Cavalry
47:40 Hussar
48:48 Scale Barding Armor
48:53 Forging
My son is also called Bort
11:59 Feudal Age
13:34 Double-Bit Axe
16:08 Castle Age
13:55 Horse Collar
18:23 Heavy Plow
18:39 Bow Saw
19:17 Wheelbarrow
21:23 Hand Cart
23:04 Loom
23:41 Gold Mining
24:07 Town Watch
24:48 Scale Barding Armor
24:53 Forging
26:21 Bloodlines
26:14 Husbandry
26:54 Chain Barding Armor
29:31 Imperial Age
29:03 Iron Casting
30:01 Heavy Camel Rider
31:43 Plate Barding Armor
32:10 Blast Furnace
32:25 Imperial Camel Rider
34:30 Conscription
35:40 Gold Shaft Mining
Connection lost

Rejoining the realm…

Still unreachable

The connection could not be restored.

Session expired

The server has moved on; the page needs a fresh start.